Cogmind - Beta 17.1 @@@ ROGUE MODE // 2026.09.11 @ 20:45:42 Player: Caluan Result: Destroyed by H-88 Terminator with KE Penetrator Performance ------------- Evolutions (9) 4500 Regions Visited (29) 5800 Robots Destroyed (403) 2015 Value Destroyed (19503) 19503 Prototype IDs (42) 840 Alien Tech Used (3) 600 Bonus (3462) 3462 TOTAL SCORE: 36720 Bonus ------- High Alert Combat Kills 1177 Follower Combat Kills 108 Met Data Miner 300 Met Zhirov 300 Met Warlord at Base 500 MAIN.C Attacked Warlord 500 Warlord Defense Kills 582 Friendly Fire -5 Cogmind --------- Core Integrity 0/1600 Matter 300/300 Energy 100/100 System Corruption 24% Temperature Cool (0) Movement Core (50) Location -1/Command Parts ------- > --- POWER (2) -------- (None) > --- PROPULSION (5) --- (None) > --- UTILITY (14) ----- Advanced Signal Interpreter Advanced Launcher Guidance Computer Advanced Target Analyzer Advanced Target Analyzer > --- WEAPON (4) ------- (None) > --- INVENTORY (5) ---- Light Quantum Reactor Biometal Leg Combat Gravmag System Power Sword Peak State ------------ > --- POWER ------------ Particle Reactor Reinforced Quantum Reactor > --- PROPULSION ------- Medium Treads Experimental Biometal Heavy Treads Advanced Heavy Siege Treads > --- UTILITY ---------- Advanced Cooling System Huge Storage Unit Advanced Signal Interpreter Makeshift Salvage Targeting Computer Advanced Targeting Computer Armor Integrity Analyzer Centrium Light Armor Plating Centrium Light Armor Plating Hacking Suite Advanced System Shield Advanced System Shield Long-range Tractor Beam > --- WEAPON ----------- Heavy Battle Rifle Railgun Helical Railgun Helical Railgun > --- INVENTORY -------- Light Antimatter Reactor Particle Reactor Light Particle Reactor Heavy Treads Biometal Medium Treads Improved Heavy Siege Treads Advanced Heavy Siege Treads Energy Well Experimental Matter Compressor Advanced Sensor Array Hardened Medium Armor Plating Advanced Remote Force Field Improved Dynamic Insulation System KE Penetrator Helical Railgun Helical Railgun Enhanced Hardcell Cannon Compact Linear Accelerator Micro-nuke Launcher Plasma Lance [Rating: 167] Favorites ----------- Power Improved Deuterium Engine Engine Improved Deuterium Engine Power Core Micro Fission Core Reactor Vortex Chain Reactor Propulsion Medium Treads Treads Medium Treads Leg Aluminum Leg Wheel Wheel Flight Unit Xenon Bombardment Thruster Utility Advanced Targeting Computer Device Transmission Jammer Storage Huge Storage Unit Processor Advanced Targeting Computer Hackware Makeshift Hacking Suite Protection Improved Light Armor Plating Weapon Heavy Machine Gun Energy Gun Medium Laser Energy Cannon Ion Burst Cannon Ballistic Gun Heavy Machine Gun Ballistic Cannon Heavy Flak Cannon Launcher Improved Proton Missile Launcher Special Weapon RU-N14's Throwing Claymores Impact Weapon Mace Slashing Weapon Nanosword Piercing Weapon Plasma Lance Build | -11 -10 -10 -10 -9 -8 -7 -7 -7 -7 -6 -6 -6 -6 -6 -5 -5 -5 -5 -5 -4 -4 -4 -4 -4 -3 -3 -2 -1 -1 ------- Run | Yrd Mat Min Exi Min Mat Fac Low Low Zio Pro Fac Low Low Dat Pro Fac Upp Upp Zhi Pro Fac Upp Upp War Pro Res Res Acc Com Slots Evolved 18 | . . . . . 4 2 . . . . 2 . . . . 2 . . . . 2 . . . . 2 2 2 . Power 1 | . . . . . . . . . . . . . . . . 1 . . . . . . . . . . . . . Propulsion 3 | . . . . . 1 . . . . . 1 . . . . . . . . . . . . . . 1 . . . Utility 12 | . . . . . 2 2 . . . . 1 . . . . 1 . . . . 2 . . . . 1 1 2 . Weapon 2 | . . . . . 1 . . . . . . . . . . . . . . . . . . . . . 1 . . Parts Attached 355 | 6 12 . . 2 28 20 3 1 9 5 20 1 1 . 2 49 1 4 2 14 42 7 7 20 3 5 57 21 13 Power 40 | 1 1 . . 2 2 1 . . . 1 4 . . . . 8 . . 1 1 6 . . 1 . . 8 1 2 Engine 18 | 1 1 . . 2 2 1 . . . 1 1 . . . . 5 . . . 1 3 . . . . . . . . Core 8 | . . . . . . . . . . . 3 . . . . 3 . . . . 2 . . . . . . . . Reactor 14 | . . . . . . . . . . . . . . . . . . . 1 . 1 . . 1 . . 8 1 2 Propulsion 100 | 2 4 . . . 6 9 1 . 5 1 4 . . . 2 9 . 1 . 4 14 2 1 8 . 2 15 5 5 Treads 75 | 2 2 . . . 3 7 1 . 5 1 4 . . . 2 9 . 1 . 4 3 . . 6 . 2 14 5 4 Leg 2 | . 2 . . . . . . . . . . . . . . . . . . . . . . . . . . . . Wheel 22 | . . . . . 3 2 . . . . . . . . . . . . . . 11 2 1 2 . . 1 . . Hover . | . . . . . . . . . . . . . . . . . . . . . . . . . . . . . . Flight 1 | . . . . . . . . . . . . . . . . . . . . . . . . . . . . . 1 Utility 110 | 1 4 . . . 8 5 . 1 2 1 6 1 1 . . 17 . 2 1 1 17 3 3 8 2 3 16 5 2 Device 34 | . 1 . . . 1 1 . 1 . . 4 . . . . 6 . 2 . . 8 . 1 4 . . 4 1 . Storage 7 | 1 1 . . . 1 . . . . . . . . . . . . . . . . 1 . 1 . . 1 . 1 Processor 23 | . . . . . 1 2 . . 1 . . . . . . 3 . . . . 4 2 2 1 1 . 2 3 1 Hackware 13 | . . . . . 1 . . . 1 . 2 . . . . 1 . . . . 4 . . . . 2 2 . . Protection 33 | . 2 . . . 4 2 . . . 1 . 1 1 . . 7 . . 1 1 1 . . 2 1 1 7 1 . Artifact . | . . . . . . . . . . . . . . . . . . . . . . . . . . . . . . Weapon 105 | 2 3 . . . 12 5 2 . 2 2 6 . . . . 15 1 1 . 8 5 2 3 3 1 . 18 10 4 Energy Gun 6 | 2 . . . . . . . . . . . . . . . . . . . 2 . . . . . . . . 2 Energy Cannon 4 | . . . . . . . . . . . . . . . . 4 . . . . . . . . . . . . . Ballistic Gun 78 | . 3 . . . 11 4 2 . 2 . 6 . . . . 9 . 1 . 3 5 1 2 1 1 . 16 9 2 Ballistic Cannon 6 | . . . . . . . . . . . . . . . . . . . . 2 . 1 1 2 . . . . . Launcher 6 | . . . . . . 1 . . . 1 . . . . . 1 1 . . . . . . . . . 1 1 . Special Weapon 1 | . . . . . . . . . . 1 . . . . . . . . . . . . . . . . . . . Impact Weapon 1 | . . . . . 1 . . . . . . . . . . . . . . . . . . . . . . . . Slashing Weapon 2 | . . . . . . . . . . . . . . . . 1 . . . 1 . . . . . . . . . Piercing Weapon 1 | . . . . . . . . . . . . . . . . . . . . . . . . . . . 1 . . Special Melee Weapon . | . . . . . . . . . . . . . . . . . . . . . . . . . . . . . . Unidentified Prototypes 22 | . . . . . . 1 . . . 2 1 . . . . 1 . . 4 3 . . . 5 . . 5 . . Corrupted Parts 10 | . . . . . . . . . 5 . . . . . . . . . . 4 . . . . . . . . 1 System Corruption 58 | . . . . . . . . . 27 . . . . . . . . . . 23 . . . . . . . . 8 Parts Lost 213 | . 4 . . 1 16 3 2 . . 2 5 . . . 1 37 . 1 . 5 38 3 10 4 1 . 40 24 16 Power 28 | . 1 . . 1 1 . . . . . 1 . . . . 5 . . . 1 8 . . . . . 6 2 2 Propulsion 69 | . 2 . . . 5 3 . . . . 2 . . . 1 11 . . . 2 15 2 3 2 . . 12 5 4 Utility 52 | . 1 . . . 3 . 1 . . 1 1 . . . . 11 . . . 1 9 . 2 1 . . 10 6 5 Weapon 64 | . . . . . 7 . 1 . . 1 1 . . . . 10 . 1 . 1 6 1 5 1 1 . 12 11 5 Highest Loss Streak 17 | . 4 . . 1 6 1 2 . . 2 3 . . . 1 10 . 1 . 3 8 2 9 2 1 . 17 12 9 To Critical Strikes 5 | . . . . . . . . . . . . . . . . 1 . . . . 1 1 2 . . . . . . Average Backups 21 | . 7 18 18 19 19 24 24 25 24 24 23 25 24 25 24 18 23 22 23 21 20 24 21 24 24 23 20 18 1 Power 2 | . 1 1 1 1 2 3 3 3 3 2 2 4 3 3 3 1 1 1 1 . . . . 1 2 2 3 1 . Propulsion 4 | . . . . . . 2 8 8 7 8 7 6 6 6 5 5 5 5 5 4 3 4 4 3 4 4 3 2 . Utility 7 | . 2 5 5 6 6 9 8 9 9 8 8 8 7 7 6 4 6 8 9 9 6 8 8 11 11 11 8 3 . Weapon 7 | . 4 12 12 12 10 8 5 5 5 5 5 7 7 9 9 6 11 8 8 8 10 11 8 7 5 5 4 10 . Tool/Special . | . . . . . . . . . . . . . . . . . . . . . . . . . . . . . . Unused Backups 37 | 1 1 . . . 5 7 . . 2 1 1 . 1 . 1 1 . . . . . . . . . 1 2 9 4 Power 6 | . . . . . 3 . . . . . . . 1 . . . . . . . . . . . . . . 1 1 Propulsion 9 | 1 . . . . . 1 . . . . . . . . . . . . . . . . . . . 1 . 4 2 Utility 11 | . . . . . . 3 . . 2 1 1 . . . . 1 . . . . . . . . . . 2 1 . Weapon 11 | . 1 . . . 2 3 . . . . . . . . 1 . . . . . . . . . . . . 3 1 Tool/Special . | . . . . . . . . . . . . . . . . . . . . . . . . . . . . . . Average Slot Usage (%) 92 | . 95 100 100 100 88 94 87 90 94 99 99 100 100 100 100 90 94 94 82 91 89 70 66 91 93 94 87 80 32 Engine 5 | . 13 14 14 14 8 7 7 7 7 7 4 . . . . 4 5 5 4 8 5 . . . . . . . . Core 1 | . . . . . . . . . . . 1 6 6 6 6 4 5 5 1 . 2 . . . . . . . . Reactor 1 | . . . . . . . . . . . . . . . . . . . 3 1 . . . 4 5 4 5 7 . Treads 19 | . 9 28 28 28 16 18 23 23 23 23 25 26 26 26 26 21 23 23 23 22 11 . . 7 21 23 16 10 3 Leg 1 | . 18 . . . . . . . . . . . . . . . . . . . . . . . . . . . . Wheel 1 | . . . . . 6 3 . . . . . . . . . . . . . . 5 17 9 13 . . . . . Device 6 | . . . . . 1 6 7 13 15 7 5 1 . . 1 8 11 11 10 10 9 . . 4 5 4 3 6 . Storage 6 | . 14 14 14 14 9 7 7 7 7 7 5 6 6 6 6 5 5 5 5 5 5 5 5 5 5 4 4 3 . Processor 13 | . . . . . 5 11 7 7 9 15 13 13 13 13 13 11 17 17 17 17 20 31 34 27 21 19 17 24 18 Hackware 7 | . . . . . 3 7 7 7 6 7 18 20 16 13 13 6 . . . . 8 5 5 5 5 13 13 12 8 Protection 5 | . 9 14 14 14 10 7 3 . . 6 . 4 9 13 11 7 5 5 5 4 2 . . 8 14 8 6 . . Ballistic Gun 17 | . 20 28 28 28 26 22 22 22 22 22 19 20 20 20 19 11 16 14 . 10 10 7 3 6 3 6 16 14 1 Peak Build Rating 167 | 6 9 9 9 10 29 52 52 50 57 62 68 66 65 65 68 94 91 94 90 94 105 64 60 109 107 120 167 166 84 Average Rating 65 | 4 7 9 9 9 19 43 49 49 53 59 65 64 64 65 66 72 91 90 83 88 89 56 54 94 105 114 132 142 56 On Entrance 59 | . 6 9 9 9 10 27 52 47 50 57 60 65 64 65 65 67 91 91 90 84 87 53 60 51 103 107 120 142 45 Avg Prop Armor Cover (%) 11 | . . . . . . 7 . . 9 . . . . . . . . . . . 12 . . 8 . . . . . Naked Turns . | . . . . . . . . . . . . . . . . . . . . . . . . . . . . . . Heaviest Build 166 | 14 48 48 48 52 106 117 117 103 104 112 110 108 113 113 116 144 142 142 146 156 147 99 100 150 154 151 159 166 6 Greatest Support 193 | 40 40 40 40 40 63 78 78 78 84 86 114 106 106 106 108 118 118 118 118 120 113 52 26 105 105 133 193 185 140 Greatest Overweight (x) 10 | . 2 1 1 1 10 3 1 1 2 1 1 1 1 1 1 1 1 1 1 1 10 4 6 6 1 1 1 2 1 Average Overweight (x) 1 | . . 1 1 1 1 1 1 1 1 1 . . . 1 1 . 1 1 1 1 2 2 3 1 1 1 . . . Largest Inventory Capacity 25 | 8 20 20 20 20 25 25 25 25 25 25 25 25 25 25 25 25 25 25 25 25 25 25 25 25 25 25 25 25 5 Average Capacity 23 | 7 13 20 20 20 22 25 25 25 25 25 24 25 25 25 25 25 25 25 25 25 25 25 25 25 25 25 25 23 5 Most Carried 25 | 3 18 18 19 20 25 25 25 25 25 25 25 25 25 25 25 25 25 25 25 25 25 25 24 25 25 25 25 25 5 Average Carried 21 | 1 7 18 18 19 19 24 24 25 24 24 23 25 24 25 24 18 24 23 24 21 20 24 21 24 24 23 21 20 1 Final Capacity 25 | 8 20 20 20 20 25 25 25 25 25 25 25 25 25 25 25 25 25 25 25 25 25 25 25 25 25 25 25 5 5 Final Carried 25 | 1 18 18 19 20 25 25 25 25 25 25 25 25 25 25 23 24 25 23 25 21 25 22 24 24 25 25 23 5 4 Class Distribution -------------------- 22% | Gunner 18% | Scavenger-Gunner 14% | Mutant 13% | Hacker-Gunner 11% | Scavenger-Mutant 7% | Scavenger-Tank 4% | Hacker-Tank Dominant Class ---------------- Mutant | -10/Materials Mutant | -10/Mines Mutant | -10/Exiles Mutant | -9/Mines Scavenger-Gunner | -8/Materials Gunner | -7/Factory Gunner | -7/Lower Caves Gunner | -7/Lower Caves Gunner | -7/Zion Gunner | -6/Proximity Caves Hacker-Gunner | -6/Factory Hacker-Gunner | -6/Lower Caves Hacker-Gunner | -6/Lower Caves Hacker-Tank | -6/Data Miner Hacker-Tank | -5/Proximity Caves Scavenger-Mutant | -5/Factory Scavenger-Gunner | -5/Upper Caves Scavenger-Gunner | -5/Upper Caves Mutant | -5/Zhirov Scavenger-Gunner | -4/Proximity Caves Scavenger-Mutant | -4/Factory Scavenger-Mutant | -4/Upper Caves Scavenger-Mutant | -4/Upper Caves Scavenger-Mutant | -4/Warlord Scavenger-Tank | -3/Proximity Caves Hacker-Tank | -3/Research Hacker-Gunner | -2/Research Scavenger-Gunner | -1/Access Hacker-Mutant | -1/Command Resources | -11 -10 -10 -10 -9 -8 -7 -7 -7 -7 -6 -6 -6 -6 -6 -5 -5 -5 -5 -5 -4 -4 -4 -4 -4 -3 -3 -2 -1 -1 ----------- Run | Yrd Mat Min Exi Min Mat Fac Low Low Zio Pro Fac Low Low Dat Pro Fac Upp Upp Zhi Pro Fac Upp Upp War Pro Res Res Acc Com Matter Collected 16701 | 196 384 . 103 190 1211 1146 229 260 109 559 1267 134 132 . 365 1898 290 251 . 597 1106 141 237 1198 138 142 2354 1672 392 Remotely 4200 | . . . . . . . . 153 109 118 . . . . . . . . . . 492 . . 798 . . 1463 1067 . Salvage Created 20559 | . 853 . . 100 2081 1677 101 62 . 550 1423 50 151 . 290 2450 475 498 . 1031 1433 82 206 190 110 247 3189 2845 465 Parts 1108 | . 40 . . 8 104 84 9 . . 30 92 5 5 . 19 165 24 18 . 32 84 3 10 5 6 16 160 170 19 Haulers Intercepted 8 | . 2 . . . 1 . . . . . . . . . . 2 . . . 1 . . . . . . . 2 . Recyclers Shooed 16 | . 4 . . . 1 4 . . . . . . . . . 5 . . . . . . . . . . . 2 . Parts Field Recycled . | . . . . . . . . . . . . . . . . . . . . . . . . . . . . . . Retrieved Matter . | . . . . . . . . . . . . . . . . . . . . . . . . . . . . . . Parts Self-Destructed 109 | . . . . . . . 7 . 4 14 . 2 6 . 17 . 25 6 . 11 . . 11 . 6 . . . . Prevented 49 | . . . . . . . . . . 13 . . . . . . 6 12 . 18 . . . . . . . . . Parts Restored . | . . . . . . . . . . . . . . . . . . . . . . . . . . . . . . Kills | -11 -10 -10 -10 -9 -8 -7 -7 -7 -7 -6 -6 -6 -6 -6 -5 -5 -5 -5 -5 -4 -4 -4 -4 -4 -3 -3 -2 -1 -1 ------- Run | Yrd Mat Min Exi Min Mat Fac Low Low Zio Pro Fac Low Low Dat Pro Fac Upp Upp Zhi Pro Fac Upp Upp War Pro Res Res Acc Com Combat Hostiles Destroyed 328 | . 15 . . 5 34 29 2 4 . 14 26 . 4 . 5 40 11 10 . 19 16 4 3 4 4 2 41 27 9 Melee 12 | . . . . . . . . . . . . . . . . 1 . . . . 8 . 1 . . . . . 2 Guns 236 | . 14 . . 5 34 24 2 2 . 8 26 . 4 . 3 24 5 4 . 3 8 1 2 . . 2 36 22 7 Cannons 18 | . . . . . . . . . . . . . . . . 8 . . . . . . . 4 4 . 2 . . AOE 54 | . . . . . . 5 . 2 . 6 . . . . 2 7 6 4 . 11 . 3 . . . . 3 5 . Classes Destroyed 25 | . 6 . . . 5 2 2 . . 1 2 1 . . . 1 . . . 1 1 . . . . . 3 . . Worker 23 | . . . . . 1 2 . . . . 4 . . . . 5 . . . . 5 . . . . . . 5 1 Builder 5 | . . . . . . 2 . . . . . . . . . 3 . . . . . . . . . . . . . Tunneler 3 | . . . . . . . . . . . . . . . . . . . . . 3 . . . . . . . . Hauler 8 | . 2 . . . 1 . . . . . . . . . . 2 . . . 1 . . . . . . . 2 . Recycler 14 | . 2 . . . 3 6 . . . . . . . . . . . . . . 1 . . . . . . 2 . Mechanic 4 | . . . . . . . . . . . 1 . . . . . . . . . 2 . . . . . . 1 . Operator 5 | . 1 . . . 2 . . . . . . . . . . 1 . . . . . . . . . 1 . . . Drone 2 | . . . . . . . . . . 2 . . . . . . . . . . . . . . . . . . . Watcher 12 | . 1 . . . 2 3 . . . . . . . . . 4 . . . . 1 . . . . . . 1 . Swarmer 86 | . 3 . . 3 3 13 . 4 . 4 6 . 3 . . 9 7 4 . 6 2 4 . . 3 . 3 5 4 Grunt 98 | . 12 . . 2 23 5 . . . 5 8 . 1 . . 9 4 6 . 5 . . . 3 . . 8 7 . Brawler 3 | . . . . . 1 . . . . 1 . . . . . . . . . 1 . . . . . . . . . Duelist 5 | . . . . . 2 . . . . . 1 . . . . . . . . 2 . . . . . . . . . Protector 1 | . . . . . . . . . . . 1 . . . . . . . . . . . . . . . . . . Sentry 21 | . . . . . 4 4 . . . . 3 . . . . . . . . 1 1 . 1 1 1 2 1 1 1 Demolisher 6 | . . . . . . . . . . . . . . . . . . . . . . . . . . . 6 . . Specialist 6 | . . . . . . . . . . . . . . . . . . . . 2 2 . . . . . . 2 . Hunter 32 | . . . . . 1 1 . . . . . . . . 3 7 . . . 1 5 . 2 . . . 4 6 2 Programmer 43 | . . . . . . 6 . . . 1 7 . . . 2 12 . . . 1 5 . . . . . 2 5 2 Heavy 4 | . . . . . . . . . . . . . . . . 2 . . . . 1 . . . . . . 1 . Behemoth 4 | . . . . . . . 1 . . 1 . . . . . 1 . . . . . . . 1 . . . . . Striker 14 | . . . . . . . . . . . . . . . . . . . . . . . . . . . 14 . . Executioner 3 | . . . . . . . . . . . . . . . . . . . . . . . . . . . 3 . . Decomposer 2 | . . . . . . . . . . . . . . . . . . . . . . . 2 . . . . . . Samaritan 3 | . . . . . . . . . . . . 1 . . . . . . . . . 2 . . . . . . . Thief 1 | . . . . . . . 1 . . . . . . . . . . . . . . . . . . . . . . Best Kill Streak 12 | . 3 . . 3 6 7 1 2 . 4 8 1 2 . 4 12 4 5 . 6 4 4 2 2 3 2 7 8 4 Combat Bots Only 8 | . 3 . . 3 6 4 1 2 . 4 6 . 2 . 4 8 4 5 . 6 3 4 2 2 3 2 7 5 3 Max Kills in Single Turn 4 | . 2 . . 1 2 4 1 2 . 2 2 1 1 . 1 4 3 2 . 3 1 1 1 1 1 1 2 3 1 Gunslinging 1 | . . . . . 1 . . . . . 1 . . . . . . 1 . . . . . . . . 1 1 . Exploded 3 | . . . . . . 3 . 2 . 2 . . . . 1 3 3 1 . 3 . 1 . . . . 1 2 . Melee 1 | . . . . . . . . . . . . . . . . 1 . . . . 1 . 1 . . . . . 1 Uniques/NPCs Destroyed . | . . . . . . . . . . . . . . . . . . . . . . . . . . . . . . Combat | -11 -10 -10 -10 -9 -8 -7 -7 -7 -7 -6 -6 -6 -6 -6 -5 -5 -5 -5 -5 -4 -4 -4 -4 -4 -3 -3 -2 -1 -1 -------- Run | Yrd Mat Min Exi Min Mat Fac Low Low Zio Pro Fac Low Low Dat Pro Fac Upp Upp Zhi Pro Fac Upp Upp War Pro Res Res Acc Com Hostile Shots Fired 3250 | . 84 . . 22 217 242 23 8 . 66 160 . 14 . 57 439 27 29 . 123 368 14 101 189 24 12 425 349 257 Missed 910 | . 11 . . 9 60 70 5 4 . 23 42 . 4 . 14 123 7 5 . 61 129 4 29 68 6 1 85 82 68 Hits 2340 | . 73 . . 13 157 172 18 4 . 43 118 . 10 . 43 316 20 24 . 62 239 10 72 121 18 11 340 267 189 Melee 92 | . . . . . 6 . 1 . . 1 3 . . . . 4 . . . 15 . . . 6 . . 56 . . Projectile 2248 | . 73 . . 13 151 172 17 4 . 42 115 . 10 . 43 312 20 24 . 47 239 10 72 115 18 11 284 267 189 AOE 30 | . . . . . . . . . . . . . . . . . . . . . 2 . . 2 . . 26 . . Critical Strikes 90 | . 1 . . . 8 3 . . . 2 3 . . . 5 13 1 . . 3 9 1 4 7 . . 9 14 7 Actively Blocked 1 | . . . . . 1 . . . . . . . . . . . . . . . . . . . . . . . . Part Disruptions 5 | . . . . . . 1 . . . . . . . . . 2 . . . . 1 . . . . . . . 1 Damage Taken 50090 | . 903 . . 127 2570 1841 440 61 . 811 1631 . 163 . 779 6741 351 419 . 1398 5234 161 1220 1997 379 227 11860 6592 4185 Core 5424 | . 161 . . 21 429 204 . 15 . 133 56 . 33 . 13 500 37 . . 118 636 18 285 144 36 40 935 425 1185 Absorbed by Shields 418 | . . . . . 35 . . . . . . . . . . 238 . . . . . . . . . . 107 . 38 Reduced by Siege Mode 2468 | . . . . . . . . . . . . . . . . . . . . . . . . . . . 835 1158 475 Redirected to Shielding 100 | . 15 . . 13 72 . . . . . . . . . . . . . . . . . . . . . . . . Ignored by Resistances 1378 | . . . . . . . . . . 3 . . . . . . . . . . . . . 1245 57 73 . . . Regen/Repaired (Parts) 2120 | . . . . . . 202 . . . . 654 . . . . . . . . . 144 . . 313 . . 807 . . Core Remaining (%) 50 | 100 . . . 27 22 . . . . 49 . . . . 88 . . . . 31 . . . . 2 96 35 . . Volleys Fired 977 | . 99 . . 12 93 81 14 5 . 29 59 2 7 . 18 148 12 15 . 41 39 6 12 23 8 7 111 87 49 Largest 4 | . 2 . . 2 3 3 3 3 . 3 3 3 3 . 3 3 3 3 . 2 3 2 3 3 3 3 4 4 1 Hottest 290 | . 100 . . 40 84 79 79 81 . 84 91 90 90 . 90 290 88 88 . 60 93 60 109 139 132 118 152 139 75 Shots Fired 2642 | . 183 . . 24 279 240 42 13 . 77 179 8 23 . 47 398 27 23 . 61 114 8 33 69 20 21 400 304 49 Gun 2433 | . 183 . . 24 279 238 42 11 . 73 179 8 23 . 45 342 22 12 . 40 114 4 31 . 3 19 391 301 49 Cannon 147 | . . . . . . . . . . . . . . . . 51 . . . . . . 2 69 17 2 6 . . Launcher 59 | . . . . . . 2 . 2 . 4 . . . . 2 5 5 11 . 18 . 4 . . . . 3 3 . Special 3 | . . . . . . . . . . . . . . . . . . . . 3 . . . . . . . . . Kinetic 2443 | . 102 . . 24 279 238 42 11 . 73 179 8 23 . 45 342 22 12 . 40 114 4 33 69 20 21 397 301 44 Thermal 132 | . 81 . . . . . . . . . . . . . . 51 . . . . . . . . . . . . . Explosive 31 | . . . . . . 2 . 2 . 4 . . . . 2 5 . . . 6 . 4 . . . . 3 3 . Electromagnetic 36 | . . . . . . . . . . . . . . . . . 5 11 . 15 . . . . . . . . 5 Robot Hit Streak 70 | . 11 . . 5 18 24 11 6 . 7 18 24 3 . 4 25 14 14 . 21 20 9 6 12 12 17 70 47 31 Robot Miss Streak 8 | . 5 . . 1 8 4 2 2 . 8 7 . 1 . 2 5 1 1 . 2 2 1 2 6 2 1 5 2 4 Penetration Max 2 | . . . . . 1 1 . . . . 2 . . . . 1 1 1 . . 1 . . 1 . . 2 2 . Secondary Targets 57 | . . . . . 12 1 . . . 1 6 . . . 1 5 2 2 . . 5 . 1 . . . 11 10 . Max Gunslinging Chain 1 | . . . . . 1 1 . . . 1 1 . . . 1 1 1 1 . . 1 . 1 . . . 1 1 . Shots Hit Robots 2089 | . 110 . . 16 188 179 31 7 . 58 139 6 10 . 24 312 17 18 . 49 152 11 33 56 16 17 338 260 42 Core Hits 979 | . 40 . . 8 96 77 10 5 . 44 116 2 5 . 14 131 17 17 . 37 43 7 12 22 16 10 126 104 20 Critical Kills 25 | . . . . . . 2 . . . . 5 . . . . 3 . . . . . 1 . . . . 6 7 1 Critical Parts Destroyed 53 | . 1 . . . 4 1 . . . . 8 . . . . 17 . . . 2 1 . 2 . . . 5 11 1 Critical Strikes 96 | . 3 . . . 4 3 . . . . 13 . . . . 21 . . . 3 7 1 3 2 1 1 11 20 3 Burn 2 | . 2 . . . . . . . . . . . . . . . . . . . . . . . . . . . . Destroy 82 | . 1 . . . 4 3 . . . . 13 . . . . 21 . . . 2 1 1 2 . . . 11 20 3 Blast 4 | . . . . . . . . . . . . . . . . . . . . . . . . 2 1 1 . . . Sever 8 | . . . . . . . . . . . . . . . . . . . . 1 6 . 1 . . . . . . Melee Attacks 114 | . . . . . 2 2 . . . 1 6 . . . . 22 . . . . 65 5 5 1 . 1 2 2 . Impact 11 | . . . . . 2 2 . . . 1 6 . . . . . . . . . . . . . . . . . . Slashing 99 | . . . . . . . . . . . . . . . . 22 . . . . 65 5 5 1 . 1 . . . Piercing 4 | . . . . . . . . . . . . . . . . . . . . . . . . . . . 2 2 . Sneak Attacks 21 | . . . . . . . . . . . . . . . . . . . . . 13 5 2 1 . . . . . Combat Hostiles . | . . . . . . . . . . . . . . . . . . . . . . . . . . . . . . Follow-up Attacks . | . . . . . . . . . . . . . . . . . . . . . . . . . . . . . . Damage Inflicted 56258 | . 1409 . . 202 3249 3732 561 251 . 1532 3205 135 221 . 785 8494 592 914 . 3116 5836 1402 810 1866 485 389 9179 6830 1063 Guns 38594 | . 1405 . . 202 3249 3044 561 109 . 1106 2835 135 221 . 554 4912 393 233 . 669 2319 43 404 . 61 357 8283 6453 1046 Cannons 4016 | . . . . . . . . . . . . . . . . 1612 . . . . . . 29 1727 424 32 192 . . Explosions 8053 | . . . . . . 638 . 142 . 426 339 . . . 231 1216 199 681 . 2361 . 741 . . . . 704 375 . Melee 5325 | . . . . . . . . . . . . . . . . 705 . . . . 3486 618 377 139 . . . . . Ramming 184 | . 4 . . . . 50 . . . . 31 . . . . 49 . . . . 31 . . . . . . 2 17 Kinetic 40263 | . 792 . . 202 3249 3044 561 109 . 1106 2835 135 221 . 554 4912 393 233 . 669 2319 43 433 1727 485 389 8475 6453 924 Thermal 2511 | . 613 . . . . . . . . . 251 . . . . 1647 . . . . . . . . . . . . . Explosive 5861 | . . . . . . 638 . 142 . 426 88 . . . 231 1118 . . . 1398 . 741 . . . . 704 375 . Electromagnetic 2028 | . . . . . . . . . . . . . . . . 63 199 681 . 963 . . . . . . . . 122 Impact . | . . . . . . . . . . . . . . . . . . . . . . . . . . . . . . Slashing 5411 | . . . . . . . . . . . . . . . . 705 . . . 86 3486 618 377 139 . . . . . Piercing . | . . . . . . . . . . . . . . . . . . . . . . . . . . . . . . Highest Corruption 51 | . . . . . . 5 5 5 19 2 7 7 7 7 14 27 27 27 27 51 7 7 7 7 . 1 . 10 24 Average Corruption 11 | . . . . . . 2 5 5 7 2 4 7 7 7 10 18 27 27 27 30 6 7 7 7 . 1 . 7 16 Corruption Purged 2 | . . . . . . . . . . . 2 . . . . . . . . . . . . . . . . . . Corruption Blocked 8 | . . . . . . . . . . . . . . . . . . . . . 8 . . . . . . . . Effects 697 | . . . . . . 41 27 30 3 21 37 34 22 7 36 148 45 38 30 80 25 14 17 1 . 2 . 23 16 Message Errors 163 | . . . . . . 13 5 4 2 8 5 8 8 1 7 34 18 6 6 13 7 3 4 . . 2 . 4 5 Matter Fused 174 | . . . . . . 13 8 8 . 6 9 6 4 5 13 32 9 12 9 18 6 1 6 . . . . 6 3 Heat Flow Errors 83 | . . . . . . 2 2 5 . . 5 3 3 . 3 15 6 4 5 19 1 2 1 . . . . 5 2 Energy Discharges 76 | . . . . . . 2 5 1 1 3 7 4 3 1 3 13 4 2 7 6 6 2 2 1 . . . 1 2 Parts Rejected 8 | . . . . . . 1 1 . . . . . . . . 4 . . . 1 . . . . . . . . 1 Parts Fused 9 | . . . . . . . 1 1 . 1 . . . . . 1 . . . 2 1 . 1 . . . . 1 . Data Loss (minor) 84 | . . . . . . 3 2 7 . 1 7 8 2 . 6 20 4 5 2 8 2 2 3 . . . . 1 1 Data Loss (major) 33 | . . . . . . 3 1 2 . . 2 3 . . 2 7 2 3 1 4 2 . . . . . . 1 . Misfires 28 | . . . . . . 2 1 2 . 1 2 2 2 . 2 4 2 2 . 4 . 1 . . . . . 1 . Alerts 10 | . . . . . . 1 1 . . 1 . . . . . 2 . 2 . 2 . 1 . . . . . . . Misdirections 3 | . . . . . . . . . . . . . . . . 1 . . . . . . . . . . . . 2 Weapon Failures 26 | . . . . . . 1 . . . . . . . . . 15 . 2 . 3 . 2 . . . . . 3 . Overload Shots . | . . . . . . . . . . . . . . . . . . . . . . . . . . . . . . Overflow Damage 1253 | . . . . . . 9 . . . . 91 . . . . 119 . . . 76 474 271 105 19 3 . 86 . . Projectiles 84 | . . . . . . . . . . . . . . . . 62 . . . . . . . 19 3 . . . . Explosions 434 | . . . . . . 9 . . . . 91 . . . . 52 . . . 76 . 120 . . . . 86 . . Melee 735 | . . . . . . . . . . . . . . . . 5 . . . . 474 151 105 . . . . . . Knockbacks 27 | . . . . . . . . . . . . . . . . . . . . . . . . 15 1 . 11 . . Impact . | . . . . . . . . . . . . . . . . . . . . . . . . . . . . . . Kinetic 24 | . . . . . . . . . . . . . . . . . . . . . . . . 12 1 . 11 . . Secondary 3 | . . . . . . . . . . . . . . . . . . . . . . . . 3 . . . . . Self-Inflicted Damage 200 | . . . . . . 13 . . . . . . . . . 84 . . . 85 15 . . . . . . . 3 Shots 6 | . . . . . . 1 . . . . . . . . . 1 . . . 4 . . . . . . . . . Rammed 32 | . . . . . . 4 . . . . 4 . . . . 5 . . . . 1 . . . . . . 1 17 Targets Rammed 38 | . 1 . . . . 5 . . . . 4 . . . . 6 . . . . 1 . . . . . . 1 20 Kicked 1 | . 1 . . . . . . . . . . . . . . . . . . . . . . . . . . . . Crushed 5 | . . . . . . 1 . . . . . . . . . 1 . . . . . . . . . . . . 3 Highest Temperature 353 | . 353 . . . 292 224 248 231 . 81 251 232 249 . 196 311 198 197 171 197 113 221 58 210 15 . 23 201 90 Average Temperature 76 | . 112 . . . 71 31 55 88 . 25 45 81 69 . 87 87 81 87 69 79 46 96 58 121 5 . 13 92 54 Received Heat Transfer 4975 | . 480 . . 54 1213 249 48 . . 207 246 . 18 . . 506 120 45 . 84 240 9 27 736 36 45 270 297 45 Effects 6 | . 1 . . . . . 3 . . . . . . . . 1 . . . . . . . . . . . 1 . Energy Bleed 2 | . . . . . . . . . . . . . . . . 1 . . . . . . . . . . . 1 . Interference 4 | . 1 . . . . . 3 . . . . . . . . . . . . . . . . . . . . . . Siege Activations 21 | . . . . . . . . . . . . . . . . . . . . . . . . . . . 11 7 3 Total Turns 521 | . . . . . . . . . . . . . . . . . . . . . . . . . . . 244 194 83 Longest Duration 53 | . . . . . . . . . . . . . . . . . . . . . . . . . . . 43 44 53 Martial Activations . | . . . . . . . . . . . . . . . . . . . . . . . . . . . . . . Shielding Activations . | . . . . . . . . . . . . . . . . . . . . . . . . . . . . . . Robots Disrupted 1 | . . . . . . . . . . . . . . . . 1 . . . . . . . . . . . . . Combat Hostiles 1 | . . . . . . . . . . . . . . . . 1 . . . . . . . . . . . . . Robots Corrupted 7 | . . . . . . . . . . . . . . . . . . 2 . 5 . . . . . . . . . Combat Hostiles 7 | . . . . . . . . . . . . . . . . . . 2 . 5 . . . . . . . . . Parts Fried 7 | . . . . . . . . . . . . . . . . . . 4 . 3 . . . . . . . . . Impact Corruptions . | . . . . . . . . . . . . . . . . . . . . . . . . . . . . . . Robots Melted 1 | . 1 . . . . . . . . . . . . . . . . . . . . . . . . . . . . Combat Hostiles 1 | . 1 . . . . . . . . . . . . . . . . . . . . . . . . . . . . Parts Melted 14 | . 6 . . . 1 . . . . . . . . . . 3 . . . 1 1 . . . . . . 2 . Heat Transferred 4030 | . 1961 . . . . . . . . . 250 . . . . 1819 . . . . . . . . . . . . . Parts Sabotaged . | . . . . . . . . . . . . . . . . . . . . . . . . . . . . . . Parts Stolen . | . . . . . . . . . . . . . . . . . . . . . . . . . . . . . . Parts Stripped . | . . . . . . . . . . . . . . . . . . . . . . . . . . . . . . Power Chain Reactions . | . . . . . . . . . . . . . . . . . . . . . . . . . . . . . . Alert | -11 -10 -10 -10 -9 -8 -7 -7 -7 -7 -6 -6 -6 -6 -6 -5 -5 -5 -5 -5 -4 -4 -4 -4 -4 -3 -3 -2 -1 -1 ------- Run | Yrd Mat Min Exi Min Mat Fac Low Low Zio Pro Fac Low Low Dat Pro Fac Upp Upp Zhi Pro Fac Upp Upp War Pro Res Res Acc Com Maximum Alert Level 3 | . . . . . 2 2 . . . . 3 . . . . 2 . . . . . . . . . . 2 2 2 Low Security (%) 54 | 100 100 100 . 100 66 . . . . . 5 . . . . 65 . . . . 100 . . . . 100 61 . . Level 1 28 | . . . . . 5 91 . . . . 44 . . . . 22 . . . . . . . . . . 24 25 94 Level 2 15 | . . . . . 27 8 . . . . 36 . . . . 12 . . . . . . . . . . 13 74 5 Level 3 1 | . . . . . . . . . . . 13 . . . . . . . . . . . . . . . . . . Level 4 . | . . . . . . . . . . . . . . . . . . . . . . . . . . . . . . Level 5 . | . . . . . . . . . . . . . . . . . . . . . . . . . . . . . . High Security . | . . . . . . . . . . . . . . . . . . . . . . . . . . . . . . Max Security . | . . . . . . . . . . . . . . . . . . . . . . . . . . . . . . Peak Influence 726 | . 70 . . 75 605 520 . . . . 726 . . . . 501 . . . . 88 . . . . 46 510 620 410 Initial 332 | . . . . . . 273 . . . . 332 . . . . . . . . . 53 . . . . . 12 281 308 Average 195 | . 12 . . 22 204 297 . . . . 471 . . . . 176 . . . . 20 . . . . 6 146 459 349 Influence Increases 10664 | . 450 . . 140 1136 977 30 120 . 290 1406 5 80 . 130 1475 280 280 . 445 527 180 70 133 90 87 1164 842 327 Destroy 0b10 Robot/C 6520 | . 300 . . 100 680 580 20 80 . 240 500 . 80 . 100 800 220 200 . 380 320 80 60 120 80 40 820 540 180 Destroy 0b10 Robot/NC 385 | . 30 . . . 45 65 . . . 10 30 5 . . . 70 . . . 5 60 . . . . 5 . 55 5 Destroy Leader 1328 | . 76 . . 10 146 156 10 10 . 40 120 . . . 30 192 30 20 . 30 62 10 10 . 10 20 200 106 40 Allied During Kill 13 | . . . . . . . . . . . . . . . . . . . . . . . . 13 . . . . . Successful Hack 162 | . 13 . . . 21 36 . . . . 1 . . . . 25 . . . . 15 . . . . 18 . 21 12 Disable Machine 705 | . 15 . . . 75 60 . . . . 405 . . . . 105 . . . . 30 . . . . . . 15 . Anti-Garrison Action 150 | . . . . . 150 . . . . . . . . . . . . . . . . . . . . . . . . Destroy Structure 411 | . 1 . . . 4 35 . . . . 50 . . . . 148 . . . . 10 . . . . 4 114 45 . Advance Influence 300 | . . . . . . . . . . . 300 . . . . . . . . . . . . . . . . . . Partial Spotted 90 | . . . . . . 15 . . . . . . . . . . . . . . 15 . . . . . . 30 30 Lose Combat Pursuer 600 | . 15 . . 30 15 30 . 30 . . . . . . . 135 30 60 . 30 15 90 . . . . 30 30 60 Influence Decreases 10339 | . 450 . . 140 534 1066 543 120 . 238 754 709 80 . 130 975 565 394 101 359 613 107 143 129 94 65 716 829 485 Entered New Map 1555 | . . . . . . 329 190 . . . 20 262 . . . . 185 42 101 . 33 . 15 . 4 . 10 189 175 Time Decay 6739 | . 410 . . 135 384 707 333 120 . 228 664 447 80 . 120 462 380 342 . 309 374 87 50 68 90 65 354 380 150 Lost Part 1720 | . 40 . . 5 150 30 20 . . 10 50 . . . 10 333 . 10 . 50 171 20 78 1 . . 342 240 160 Lost Ally 140 | . . . . . . . . . . . 20 . . . . 30 . . . . . . . 60 . . 10 20 . Purge Threat 185 | . . . . . . . . . . . . . . . . 150 . . . . 35 . . . . . . . . Squads Dispatched 54 | . 3 . . . 7 7 . . . . 8 . . . . 11 . . . . 7 . . . . 1 . 8 2 Investigation 8 | . 3 . . . 3 1 . . . . . . . . . . . . . . . . . . . 1 . . . Extermination 21 | . . . . . . 5 . . . . 4 . . . . 5 . . . . 4 . . . . . . 2 1 Reinforcement 19 | . . . . . 1 1 . . . . 2 . . . . 6 . . . . 3 . . . . . . 5 1 Assault 4 | . . . . . 2 . . . . . 1 . . . . . . . . . . . . . . . . 1 . Garrison 2 | . . . . . 1 . . . . . 1 . . . . . . . . . . . . . . . . . . Intercept . | . . . . . . . . . . . . . . . . . . . . . . . . . . . . . . Searches Triggered . | . . . . . . . . . . . . . . . . . . . . . . . . . . . . . . Data Miner Redirects 2 | . . . . . . . . . . . . . . . . . . . . . . . . . . 1 . 1 . Construction Impeded 2 | . . . . . . . . . . . . . . . . 1 . . . . . . . . . . . 1 . Haulers Reinforced 3 | . . . . . . . . . . . . . . . . 2 . . . . . . . . . . . 1 . Active Scanning Responses . | . . . . . . . . . . . . . . . . . . . . . . . . . . . . . . Cargo Convoy Interrupts 2 | . . . . . . . . . . . . . . . . 1 . . . . 1 . . . . . . . . Stealth | -11 -10 -10 -10 -9 -8 -7 -7 -7 -7 -6 -6 -6 -6 -6 -5 -5 -5 -5 -5 -4 -4 -4 -4 -4 -3 -3 -2 -1 -1 --------- Run | Yrd Mat Min Exi Min Mat Fac Low Low Zio Pro Fac Low Low Dat Pro Fac Upp Upp Zhi Pro Fac Upp Upp War Pro Res Res Acc Com Distress Signals 27 | . . . . . 3 1 . . . 1 . . . . . 6 . . . 1 . . . . . . 10 5 . Communications Jammed 129 | . . . . . . 3 . . . 1 20 . . . . 89 . . . . 16 . . . . . . . . Distress Signals 112 | . . . . . . 1 . . . . 20 . . . . 86 . . . . 5 . . . . . . . . Times Spotted 519 | . 35 . . 7 50 38 2 6 1 13 34 . 4 . 5 66 11 12 . 24 30 10 4 47 4 5 49 45 17 Peak Tracking Total 11 | . 3 . . 4 6 5 1 4 1 4 5 . 2 . 4 8 5 5 . 7 4 4 2 11 3 4 8 6 5 Tactical Retreats 30 | . 1 . . 2 1 1 . 1 . . . . . . . 7 2 2 . 1 1 5 . . . . 2 2 2 Traps | -11 -10 -10 -10 -9 -8 -7 -7 -7 -7 -6 -6 -6 -6 -6 -5 -5 -5 -5 -5 -4 -4 -4 -4 -4 -3 -3 -2 -1 -1 ------- Run | Yrd Mat Min Exi Min Mat Fac Low Low Zio Pro Fac Low Low Dat Pro Fac Upp Upp Zhi Pro Fac Upp Upp War Pro Res Res Acc Com Traps Triggered 14 | . 2 . . . 1 2 . . . . 2 . . . . 3 1 . . . 2 . . . . . . . 1 Indirectly 4 | . . . . . . . . . . . . . . . . 3 1 . . . . . . . . . . . . Trap Hack Attempts . | . . . . . . . . . . . . . . . . . . . . . . . . . . . . . . Triggered . | . . . . . . . . . . . . . . . . . . . . . . . . . . . . . . Disarmed . | . . . . . . . . . . . . . . . . . . . . . . . . . . . . . . Reprogrammed . | . . . . . . . . . . . . . . . . . . . . . . . . . . . . . . Reused . | . . . . . . . . . . . . . . . . . . . . . . . . . . . . . . Traps Extracted . | . . . . . . . . . . . . . . . . . . . . . . . . . . . . . . Installed . | . . . . . . . . . . . . . . . . . . . . . . . . . . . . . . Triggered . | . . . . . . . . . . . . . . . . . . . . . . . . . . . . . . Machines | -11 -10 -10 -10 -9 -8 -7 -7 -7 -7 -6 -6 -6 -6 -6 -5 -5 -5 -5 -5 -4 -4 -4 -4 -4 -3 -3 -2 -1 -1 ---------- Run | Yrd Mat Min Exi Min Mat Fac Low Low Zio Pro Fac Low Low Dat Pro Fac Upp Upp Zhi Pro Fac Upp Upp War Pro Res Res Acc Com Machines Disabled 50 | . 2 . . . 6 4 . . . 1 27 . . . . 7 . . . . 2 . . . . . . 1 . Max in Single Turn 18 | . 1 . . . 1 2 . . . 1 18 . . . . 3 . . . . 1 . . . . . . 1 . Garrison Access 7 | . . . . . 1 2 . . . . 1 . . . . . . . . . . . . . . 1 2 . . Machines Repaired . | . . . . . . . . . . . . . . . . . . . . . . . . . . . . . . Machines Dismantled . | . . . . . . . . . . . . . . . . . . . . . . . . . . . . . . Machines Sabotaged . | . . . . . . . . . . . . . . . . . . . . . . . . . . . . . . Overloaded Fab Kills . | . . . . . . . . . . . . . . . . . . . . . . . . . . . . . . Hacking | -11 -10 -10 -10 -9 -8 -7 -7 -7 -7 -6 -6 -6 -6 -6 -5 -5 -5 -5 -5 -4 -4 -4 -4 -4 -3 -3 -2 -1 -1 --------- Run | Yrd Mat Min Exi Min Mat Fac Low Low Zio Pro Fac Low Low Dat Pro Fac Upp Upp Zhi Pro Fac Upp Upp War Pro Res Res Acc Com Machines Accessed 83 | . 7 . . . 6 9 . . 1 1 6 2 1 4 1 9 . 1 9 . 7 . 2 7 . 4 2 1 3 Terminals 28 | . 7 . . . 4 3 . . . . 1 . . . 1 3 . . . . 3 . . . . 3 . . 3 Fabricators 2 | . . . . . . 1 . . . . . . . . . 1 . . . . . . . . . . . . . Repair Stations 5 | . . . . . . 2 . . . . 2 . . . . . . . . . 1 . . . . . . . . Recycling Units 8 | . . . . . . 1 . . . . 1 . . . . 3 . . . . 2 . . . . . 1 . . Scanalyzers 3 | . . . . . 1 . . . . . . . . . . 1 . . . . . . . . . . . 1 . Garrison Access 9 | . . . . . 1 2 . . . . 2 . . . . 1 . . . . 1 . . . . 1 1 . . Total Hacks 233 | . 19 . . . 16 23 . . 4 1 18 3 1 28 2 21 . 1 47 . 17 . 4 8 . 10 3 1 6 Successful 177 | . 12 . . . 10 20 . . 4 1 12 3 1 28 2 8 . 1 47 . 8 . 4 8 . 4 2 1 1 Failed 55 | . 7 . . . 6 3 . . . . 6 . . . . 12 . . . . 9 . . . . 6 1 . 5 Catastrophic 17 | . 1 . . . . . . . . . 2 . . . . 6 . . . . 3 . . . . 2 . . 3 Database Lockouts 1 | . . . . . . . . . . . . . . . . 1 . . . . . . . . . . . . . Manual 65 | . 13 . . . 9 6 . . . . 5 . . . . 11 . . . . 9 . . 1 . 4 2 . 5 Terminals 79 | . 19 . . . 11 10 . . . . 2 . . . 2 11 . . . . 9 . . . . 9 . . 6 Fabricators 4 | . . . . . . 3 . . . . . . . . . 1 . . . . . . . . . . . . . Repair Stations 20 | . . . . . . 6 . . . . 11 . . . . . . . . . 3 . . . . . . . . Recycling Units 11 | . . . . . . 1 . . . . 1 . . . . 4 . . . . 3 . . . . . 2 . . Scanalyzers 6 | . . . . . 3 . . . . . . . . . . 2 . . . . . . . . . . . 1 . Garrison Access 16 | . . . . . 2 3 . . . . 4 . . . . 3 . . . . 2 . . . . 1 1 . . Terminal Hacks 121 | . 4 . . . 5 5 . . 4 1 . 3 1 28 2 2 . 1 47 . 4 . 4 8 . 2 . . . Record 64 | . . . . . 2 . . . . 1 . 2 . 11 2 . . . 36 . . . 3 7 . . . . . Part Schematic 17 | . . . . . 1 . . . 4 . . . . 9 . . . . 3 . . . . . . . . . . Robot Schematic 5 | . . . . . . . . . . . . . . 5 . . . . . . . . . . . . . . . Robot Analysis 4 | . . . . . . . . . . . . . . . . . . . 4 . . . . . . . . . . Prototype ID Bank 8 | . . . . . . 1 . . . . . . . 3 . . . . 4 . . . . . . . . . . Open Door 5 | . . . . . . . . . . . . 1 1 . . . . 1 . . . . 1 1 . . . . . Level Access Points 1 | . . . . . 1 . . . . . . . . . . . . . . . . . . . . . . . . Branch Access Points 6 | . 1 . . . 1 1 . . . . . . . . . 1 . . . . 1 . . . . 1 . . . Fabricator Index 1 | . . . . . . 1 . . . . . . . . . . . . . . . . . . . . . . . Scanalyzer Index 1 | . . . . . . 1 . . . . . . . . . . . . . . . . . . . . . . . Garrison Index 1 | . . . . . . . . . . . . . . . . . . . . . 1 . . . . . . . . Alert Level 2 | . . . . . . . . . . . . . . . . . . . . . 1 . . . . 1 . . . Unreport Threat 2 | . . . . . . . . . . . . . . . . 1 . . . . 1 . . . . . . . . Transport Status 1 | . 1 . . . . . . . . . . . . . . . . . . . . . . . . . . . . Hauler Manifests 1 | . 1 . . . . . . . . . . . . . . . . . . . . . . . . . . . . Registered Components 2 | . 1 . . . . 1 . . . . . . . . . . . . . . . . . . . . . . . Fabricator Hacks 2 | . . . . . . 2 . . . . . . . . . . . . . . . . . . . . . . . Load Schematic 1 | . . . . . . 1 . . . . . . . . . . . . . . . . . . . . . . . Build 1 | . . . . . . 1 . . . . . . . . . . . . . . . . . . . . . . . Repair Station Hacks 18 | . . . . . . 6 . . . . 10 . . . . . . . . . 2 . . . . . . . . Scan Component 9 | . . . . . . 3 . . . . 5 . . . . . . . . . 1 . . . . . . . . Repair 9 | . . . . . . 3 . . . . 5 . . . . . . . . . 1 . . . . . . . . Recycling Unit Hacks 3 | . . . . . . . . . . . . . . . . 2 . . . . 1 . . . . . . . . Report Inventory 2 | . . . . . . . . . . . . . . . . 1 . . . . 1 . . . . . . . . Retrieve Matter 1 | . . . . . . . . . . . . . . . . 1 . . . . . . . . . . . . . Scanalyzer 3 | . . . . . 1 . . . . . . . . . . 1 . . . . . . . . . . . 1 . Retrieve Study 3 | . . . . . 1 . . . . . . . . . . 1 . . . . . . . . . . . 1 . Garrison Access Hacks 5 | . . . . . . 2 . . . . 1 . . . . . . . . . . . . . . 1 1 . . Seal Access 5 | . . . . . . 2 . . . . 1 . . . . . . . . . . . . . . 1 1 . . Unauthorized Hacks 25 | . 8 . . . 4 5 . . . . 1 . . . . 3 . . . . 1 . . . . 1 1 . 1 Terminals 20 | . 8 . . . 4 3 . . . . . . . . . 3 . . . . . . . . . 1 . . 1 Track 2 | . . . . . 1 . . . . . . . . . . 1 . . . . . . . . . . . . . Assimilate 2 | . 1 . . . . . . . . . . . . . . 1 . . . . . . . . . . . . . Botnet 15 | . 6 . . . 3 3 . . . . . . . . . 1 . . . . . . . . . 1 . . 1 Operators 1 | . 1 . . . . . . . . . . . . . . . . . . . . . . . . . . . . Fabricators 1 | . . . . . . 1 . . . . . . . . . . . . . . . . . . . . . . . Fabnet 1 | . . . . . . 1 . . . . . . . . . . . . . . . . . . . . . . . Repair Stations . | . . . . . . . . . . . . . . . . . . . . . . . . . . . . . . Recycling Units 3 | . . . . . . 1 . . . . . . . . . . . . . . 1 . . . . . 1 . . Mask 3 | . . . . . . 1 . . . . . . . . . . . . . . 1 . . . . . 1 . . Scanalyzers . | . . . . . . . . . . . . . . . . . . . . . . . . . . . . . . Garrison Access 1 | . . . . . . . . . . . 1 . . . . . . . . . . . . . . . . . . Reprogram 1 | . . . . . . . . . . . 1 . . . . . . . . . . . . . . . . . . Data Cores Recovered . | . . . . . . . . . . . . . . . . . . . . . . . . . . . . . . Used . | . . . . . . . . . . . . . . . . . . . . . . . . . . . . . . Hacking Detections 40 | . 6 . . . 4 5 . . . . 5 . . . . 7 . . . . 6 . . . . 3 . 1 3 Full Trace Events 6 | . 2 . . . 2 1 . . . . . . . . . . . . . . . . . . . 1 . . . Feedback Events 1 | . . . . . . . . . . . . . . . . . . . . . . . . . . 1 . . . Corruption 1 | . . . . . . . . . . . . . . . . . . . . . . . . . . 1 . . . Feedback Blocked . | . . . . . . . . . . . . . . . . . . . . . . . . . . . . . . Robot Schematics Acquired 8 | . . . . . . . . . 3 . . . . 5 . . . . . . . . . . . . . . . Robots Built . | . . . . . . . . . . . . . . . . . . . . . . . . . . . . . . Authchips . | . . . . . . . . . . . . . . . . . . . . . . . . . . . . . . Time . | . . . . . . . . . . . . . . . . . . . . . . . . . . . . . . Total Robot Build Rating . | . . . . . . . . . . . . . . . . . . . . . . . . . . . . . . Part Schematics Acquired 30 | . . . . . 1 . . . 17 . . . . 9 . . . . 3 . . . . . . . . . . Parts Built 2 | . . . . . . 2 . . . . . . . . . . . . . . . . . . . . . . . Authchips . | . . . . . . . . . . . . . . . . . . . . . . . . . . . . . . Time 73 | . . . . . . 73 . . . . . . . . . . . . . . . . . . . . . . . Total Part Build Rating 6 | . . . . . . 6 . . . . . . . . . . . . . . . . . . . . . . . Part Studies Acquired 3 | . . . . . 1 . . . . . . . . . . 1 . . . . . . . . . . . 1 . Parts Repaired 9 | . . . . . . 3 . . . . 5 . . . . . . . . . 1 . . . . . . . . Time 356 | . . . . . . 109 . . . . 222 . . . . . . . . . 25 . . . . . . . . Parts Recycled . | . . . . . . . . . . . . . . . . . . . . . . . . . . . . . . Recycled Matter . | . . . . . . . . . . . . . . . . . . . . . . . . . . . . . . Retrieved Matter 275 | . . . . . . . . . . . . . . . . 275 . . . . . . . . . . . . . Retrieved Components . | . . . . . . . . . . . . . . . . . . . . . . . . . . . . . . Parts Scanalyzed . | . . . . . . . . . . . . . . . . . . . . . . . . . . . . . . Part Schematics Acquired . | . . . . . . . . . . . . . . . . . . . . . . . . . . . . . . Parts Damaged . | . . . . . . . . . . . . . . . . . . . . . . . . . . . . . . Bothacking | -11 -10 -10 -10 -9 -8 -7 -7 -7 -7 -6 -6 -6 -6 -6 -5 -5 -5 -5 -5 -4 -4 -4 -4 -4 -3 -3 -2 -1 -1 ------------ Run | Yrd Mat Min Exi Min Mat Fac Low Low Zio Pro Fac Low Low Dat Pro Fac Upp Upp Zhi Pro Fac Upp Upp War Pro Res Res Acc Com Used RIF Installer . | . . . . . . . . . . . . . . . . . . . . . . . . . . . . . . Robots Hacked 3 | . . . . . . . . . . . 2 . . . . 1 . . . . . . . . . . . . . Non-combat . | . . . . . . . . . . . . . . . . . . . . . . . . . . . . . . Combat 3 | . . . . . . . . . . . 2 . . . . 1 . . . . . . . . . . . . . Robot Hacks Applied . | . . . . . . . . . . . . . . . . . . . . . . . . . . . . . . Relay Couplers Released 9 | . . . . . 3 3 . . . . 2 . . . . . . . . . . . . . . . 1 . . Machine Destruction 6 | . . . . . 3 . . . . . 2 . . . . . . . . . . . . . . . 1 . . Programmers 3 | . . . . . . 3 . . . . . . . . . . . . . . . . . . . . . . . Fabnet Peak Effective % 3 | . . . . . . . . . . 3 3 3 3 3 1 1 1 1 1 . . . . . . . . . . Autooverrided 3 | . . . . . . . . . . . 2 . . . . 1 . . . . . . . . . . . . . Robots Rewired 4 | . . . . . . . . . . . . . . . . . . . . . . . . 4 . . . . . Allies Hacked . | . . . . . . . . . . . . . . . . . . . . . . . . . . . . . . Hacks Repelled . | . . . . . . . . . . . . . . . . . . . . . . . . . . . . . . Allies | -11 -10 -10 -10 -9 -8 -7 -7 -7 -7 -6 -6 -6 -6 -6 -5 -5 -5 -5 -5 -4 -4 -4 -4 -4 -3 -3 -2 -1 -1 -------- Run | Yrd Mat Min Exi Min Mat Fac Low Low Zio Pro Fac Low Low Dat Pro Fac Upp Upp Zhi Pro Fac Upp Upp War Pro Res Res Acc Com Total Allies 10 | . . . . . . . . . . . 2 . . . . 2 . . . . . . 2 4 . . . . . Largest Group 4 | . . . . . . . . . . . 1 . . . . 1 . . . . . . 2 4 . . . . . Highest-Rated Group 217 | . . . . . . . . . . . 37 . . . . 10 . . . . . . 67 217 . . . . . Highest-Rated Ally 68 | . . . . . . . . . . . 37 . . . . 10 . . . . . . 38 68 . . . . . Total Orders 18 | . . . . . . . . . . . 2 2 . . 2 3 . . . . . . . . . . 8 1 . EXPLORE 11 | . . . . . . . . . . . 1 1 . . 1 2 . . . . . . . . . . 5 1 . RETURN 7 | . . . . . . . . . . . 1 1 . . 1 1 . . . . . . . . . . 3 . . Ally Attacks 18 | . . . . . . . . . . . 2 . . . . . . . . . . . 5 11 . . . . . Total Damage 988 | . . . . . . . . . . . 18 . . . . . . . . . . . 222 748 . . . . . Kills 2 | . . . . . . . . . . . . . . . . . . . . . . . . 2 . . . . . Allies Corrupted . | . . . . . . . . . . . . . . . . . . . . . . . . . . . . . . Allies Melted 2 | . . . . . . . . . . . . . . . . . . . . . . . . 1 . . 1 . . Intel | -11 -10 -10 -10 -9 -8 -7 -7 -7 -7 -6 -6 -6 -6 -6 -5 -5 -5 -5 -5 -4 -4 -4 -4 -4 -3 -3 -2 -1 -1 ------- Run | Yrd Mat Min Exi Min Mat Fac Low Low Zio Pro Fac Low Low Dat Pro Fac Upp Upp Zhi Pro Fac Upp Upp War Pro Res Res Acc Com Active Infowar (turns) 16955 | . 140 . . . . 3043 977 1122 2947 1348 2088 . . . 1 1520 . 46 . . 1621 475 603 256 . . 273 495 . Optics 2232 | . . . . . . . . . . . . . . . . . . . . . 898 475 603 256 . . . . . Sensors 908 | . 140 . . . . . . . . . . . . . . . . . . . . . . . . . 273 495 . Cloaking 7 | . . . . . . . . . . . . . . . . . . . . . . . . 7 . . . . . Jamming 14711 | . . . . . . 3043 977 1122 2947 1348 2088 . . . 1 1520 . 46 . . 1619 . . . . . . . . Robot Analysis Total 4 | . . . . . . . . . . . . . . . . . . . 4 . . . . . . . . . . Derelict Logs Recovered 15 | . . 2 . 1 . . 1 1 1 2 . 1 1 . . . 2 1 . 1 . 1 . . . . . . . Drone Launches 19 | . . . . . . . . . . . 2 2 . . 2 3 . . . . . . . . . . 8 2 . Drone Recoveries 13 | . . . . . . . . . . . 2 2 . . 2 1 . . . . . . . . . . 6 . . Exploration | -11 -10 -10 -10 -9 -8 -7 -7 -7 -7 -6 -6 -6 -6 -6 -5 -5 -5 -5 -5 -4 -4 -4 -4 -4 -3 -3 -2 -1 -1 ------------- Run | Yrd Mat Min Exi Min Mat Fac Low Low Zio Pro Fac Low Low Dat Pro Fac Upp Upp Zhi Pro Fac Upp Upp War Pro Res Res Acc Com Turns Passed 38031 | 89 2540 622 1014 367 1970 3121 977 1122 2947 1348 2533 1122 654 190 982 2910 895 764 659 1468 2102 475 603 1351 807 489 2710 887 313 Spaces Moved 15593 | 50 1144 260 423 100 689 1190 392 469 1202 510 1005 583 326 80 364 859 355 297 268 522 831 387 353 843 310 179 1096 291 215 Core 181 | 4 1 . . . . . . . . . . . . . . . . . . . . . . . . . . 44 132 Treads 11974 | 46 316 260 423 100 390 845 392 469 1202 510 1005 583 326 80 364 859 355 297 268 522 366 . . 149 310 179 1096 247 15 Legs 827 | . 827 . . . . . . . . . . . . . . . . . . . . . . . . . . . . Wheels 2543 | . . . . . 299 345 . . . . . . . . . . . . . . 465 387 353 694 . . . . . Hover . | . . . . . . . . . . . . . . . . . . . . . . . . . . . . . . Flight 68 | . . . . . . . . . . . . . . . . . . . . . . . . . . . . . 68 Fastest Speed 40 | 50 120 240 240 240 123 123 235 235 232 240 152 160 160 240 240 160 240 240 240 240 110 105 135 105 250 248 151 50 40 Average Speed 200 | 151 179 240 240 240 174 206 235 235 240 240 185 160 190 240 240 230 240 240 240 240 187 112 143 139 250 248 185 163 54 Slowest Speed 320 | 160 260 240 240 240 320 320 235 235 312 240 240 240 240 240 240 240 240 240 240 240 250 140 190 250 250 248 249 312 165 Overloaded Moves . | . . . . . . . . . . . . . . . . . . . . . . . . . . . . . . Propulsion Burnouts . | . . . . . . . . . . . . . . . . . . . . . . . . . . . . . . Robots Hopped . | . . . . . . . . . . . . . . . . . . . . . . . . . . . . . . Potential Cave-ins . | . . . . . . . . . . . . . . . . . . . . . . . . . . . . . . Cave-ins Triggered 1 | . . . . . . . . . . . . . . . . . . . . . . . . 1 . . . . . Teleports 1 | . . . . . . . . . . . . . . . . . . . 1 . . . . . . . . . . Exploration Rate (%) 48 | 4 93 70 81 26 45 33 57 74 80 45 26 77 45 69 58 26 50 50 62 69 16 47 41 81 75 6 31 11 6 Regions Visited 29 Branch Regions 20 Pre-discovered Areas 8 | . . . . 1 . . . . 1 . . 1 . 1 . . . 1 3 . . . . . . . . . . Known Exits Taken 14 | . 1 . 1 . 1 1 . . . . 1 . . . . 1 . . . . 1 1 1 1 1 1 1 1 . Unknown Exits Taken 15 | 1 . 1 . 1 . . 1 1 1 1 . 1 1 1 1 . 1 1 1 1 . . . . . . . . . Scrap Searched 32 | . . . . 1 . . 1 2 3 1 . 4 1 . 3 . 3 4 . 1 . 2 3 . 3 . . . . Spaces Dug 10 | . . . . . . 1 . . . . . . . . . 1 . . . . 4 . . . . 1 2 1 . Terrain Destroyed 432 | . . . . . . 44 . 27 . 25 60 2 . . 11 76 . . . 57 6 43 3 2 2 1 56 17 . Melee 10 | . . . . . . 1 . . . . . . . . . 1 . . . . 4 . . . . 1 2 1 . Projectile 56 | . . . . . . 1 . 2 . . . 2 . . . 8 . . . 1 2 . 3 2 2 . 30 3 . AOE 360 | . . . . . . 42 . 25 . 25 60 . . . 11 63 . . . 56 . 43 . . . . 24 11 . Terrain Rammed . | . . . . . . . . . . . . . . . . . . . . . . . . . . . . . . Walls Destroyed . | . . . . . . . . . . . . . . . . . . . . . . . . . . . . . . Machines Disabled . | . . . . . . . . . . . . . . . . . . . . . . . . . . . . . . Actions | -11 -10 -10 -10 -9 -8 -7 -7 -7 -7 -6 -6 -6 -6 -6 -5 -5 -5 -5 -5 -4 -4 -4 -4 -4 -3 -3 -2 -1 -1 --------- Run | Yrd Mat Min Exi Min Mat Fac Low Low Zio Pro Fac Low Low Dat Pro Fac Upp Upp Zhi Pro Fac Upp Upp War Pro Res Res Acc Com Total 20178 | 64 1451 259 423 204 1241 1670 416 479 1265 570 1539 765 348 79 442 1433 376 328 285 671 1182 407 414 963 326 210 1509 505 354 Wait 2421 | . 164 . . 88 389 316 5 3 40 6 379 179 11 . 49 277 5 . . 81 141 . 28 12 2 1 147 69 29 Move 15564 | 49 1143 259 422 99 688 1189 391 468 1201 509 1004 582 325 79 363 858 354 296 267 521 830 386 352 842 309 178 1095 290 215 Hop . | . . . . . . . . . . . . . . . . . . . . . . . . . . . . . . Pick Up 301 | 8 26 . 1 2 26 20 1 . 6 5 35 . 2 . 2 35 1 3 1 6 33 . 6 12 3 7 37 13 10 Fast Attach 138 | . 1 . . . 7 10 2 1 1 2 8 . . . . 20 . 2 8 5 14 4 3 13 1 1 24 5 6 Attach 234 | 6 8 . . 1 15 9 1 . 4 3 11 . 1 . 2 40 . 1 . 10 29 3 5 9 2 3 40 20 11 Detach 35 | . . . . . . 1 . . 3 . . . . . . 8 . . 2 1 1 . 1 2 . . 8 6 2 Swap 124 | . 3 . . 1 9 11 1 2 5 11 13 2 . . 4 5 4 4 . 4 13 2 1 5 . 4 16 4 . Drop 187 | 1 6 . . 1 12 26 1 . 5 4 20 . 2 . 4 14 . 7 7 2 8 1 1 17 1 8 29 8 2 Fire 977 | . 99 . . 12 93 81 14 5 . 29 59 2 7 . 18 148 12 15 . 41 39 6 12 23 8 7 111 87 49 Melee 114 | . . . . . 2 2 . . . 1 6 . . . . 22 . . . . 65 5 5 1 . 1 2 2 . Ram 4 | . . . . . . . . . . . . . . . . . . . . . 1 . . . . . . . 3 Kick 1 | . 1 . . . . . . . . . . . . . . . . . . . . . . . . . . . . Crush 33 | . . . . . . 5 . . . . 4 . . . . 6 . . . . . . . . . . . 1 17 Escape Stasis 18 | . . . . . . . . . . . . . . . . . . . . . 8 . . . . . . . 10 Rewire 27 | . . . . . . . . . . . . . . . . . . . . . . . . 27 . . . . . Trap . | . . . . . . . . . . . . . . . . . . . . . . . . . . . . . . Miscellaneous . | . . . . . . . . . . . . . . . . . . . . . . . . . . . . . . Route ------- -11/Scrapyard -10/Materials (discovered 4 exits: [*Mat x3] / *Min) -10/Mines -10/Exiles (discovered 2 exits: *Min x2) -9/Mines -8/Materials (discovered 3 exits: *Fac x3) -7/Factory (discovered 4 exits: *Fac / *Sto / *Low x2) -7/Lower Caves -7/Lower Caves (discovered 2 exits: *Fac / *Zio) -7/Zion -6/Proximity Caves -6/Factory (discovered 3 exits: *Low x2 / Ext) -6/Lower Caves -6/Lower Caves -6/Data Miner -5/Proximity Caves -5/Factory (discovered 3 exits: *Fac / *Upp x2) -5/Upper Caves -5/Upper Caves -5/Zhirov -4/Proximity Caves -4/Factory (discovered 3 exits: *Res / *Upp x2) -4/Upper Caves -4/Upper Caves -4/Warlord -3/Proximity Caves -3/Research (discovered 4 exits: *Res / Arm / Qua x2) -2/Research (discovered 2 exits: *Acc / *Tes) -1/Access -1/Command History --------- Turn | Location | Event 53 | -11/Scrapyard | Discovered new exit (range 14) 90 | -11/Scrapyard | Entered Materials 224 | -10/Materials | Identified exit to Mines 300 | -10/Materials | Build established: Mutant 532 | -10/Materials | Discovered new exit (range 3) 641 | -10/Materials | Lost 4 parts (1p2n1u) 812 | -10/Materials | Discovered new exit (range 16) 1231 | -10/Materials | Core integrity fell below 50% 1365 | -10/Materials | Discovered new exit (range 16) 2630 | -10/Materials | Entered Mines 2765 | -10/Mines | Learned Materials terminal intel 3240 | -10/Mines | Deemed a non-threat by the Exiles lab entrance 3242 | -10/Mines | Discovered new exit (range 5) 3252 | -10/Mines | Entered Exiles 3253 | -10/Exiles | Identified exit to Mines 3312 | -10/Exiles | Met 8R-AWN 3351 | -10/Exiles | Met EX-HEX 3514 | -10/Exiles | Met EX-DEC 3565 | -10/Exiles | Visited The Gauntlet 4093 | -10/Exiles | Met EX-BIN 4266 | -10/Exiles | Entered Mines 4277 | -9/Mines | Assembled infested the area 4282 | -9/Mines | Assisted by a Guerilla fighting off Assembled 4350 | -9/Mines | Learned location of Zion (-7) 4434 | -9/Mines | Found DCF Scrap (14 items) 4606 | -9/Mines | Discovered new exit (range 10) 4633 | -9/Mines | Entered Materials 4633 | -8/Materials | Evolved 4 slots: Propulsion x1, Utility x2, Weapon x1 4634 | -8/Materials | Loaded intel: 12 terminal locations 4941 | -8/Materials | Build established: Tank 5308 | -8/Materials | Lost 3 parts (1n2u) 5810 | -8/Materials | Identified exit to Factory 5839 | -8/Materials | Build established: Scavenger-Tank 5919 | -8/Materials | Garrison activated, responded to threat 6085 | -8/Materials | Core integrity fell below 50% 6114 | -8/Materials | Lost 6 parts (1p2n1u2w) 6455 | -8/Materials | Build established: Scavenger-Gunner 6603 | -8/Materials | Entered Factory 6603 | -7/Factory | Evolved 2 slots: Utility x2 6792 | -7/Factory | Discovered new exit (range 15) 6810 | -7/Factory | Identified exit to Storage 7139 | -7/Factory | Identified exit to Lower Caves 7249 | -7/Factory | Build established: Gunner 7354 | -7/Factory | Repaired Assault Rifle+ 7425 | -7/Factory | Repaired Prc. Assault Rifle 7955 | -7/Factory | Repaired Lgt. Treads 8116 | -7/Factory | Fabricated Adv. Treads? 8695 | -7/Factory | Build established: Scavenger-Gunner 9199 | -7/Factory | Discovered new exit (range 3) 9592 | -7/Factory | Build established: Gunner 9724 | -7/Factory | Entered Lower Caves 10173 | -7/Lower Caves | Spotted B-75 Beast 10206 | -7/Lower Caves | Destroyed B-75 Beast 10653 | -7/Lower Caves | Discovered new exit (range 7) 10656 | -7/Lower Caves | Encountered a Warlord checkpoint 10701 | -7/Lower Caves | Entered another Lower Caves area 10730 | -7/Lower Caves | Discovered new exit (range 7) 10787 | -7/Lower Caves | Encountered a Warlord checkpoint 11580 | -7/Lower Caves | Learned location of 1 exit from Factory 11799 | -7/Lower Caves | Discovered new exit (range 10) 11823 | -7/Lower Caves | Entered Zion 11906 | -7/Zion | System corruption cleaned by Quarantine Array 11982 | -7/Zion | System corruption cleaned by Quarantine Array 12020 | -7/Zion | System corruption reached 10% 12043 | -7/Zion | System corruption cleaned by Quarantine Array 12378 | -7/Zion | Given A8's code to call for help 12817 | -7/Zion | Learned location of Warlord (-4) 13419 | -7/Zion | Acquired unknown access codes intercepted by a Zionite 13510 | -7/Zion | Learned Factory garrison access intel 13938 | -7/Zion | Found Prototype Special Weapon 14374 | -7/Zion | Discovered new exit (range 16) 14770 | -7/Zion | Entered Proximity Caves 14773 | -6/Proximity Caves | Spotted B-75 Beast 14806 | -6/Proximity Caves | Destroyed B-75 Beast 14924 | -6/Proximity Caves | Learned Factory terminal intel 15052 | -6/Proximity Caves | Spotter reported a threat 15109 | -6/Proximity Caves | Spotter reported a threat 15236 | -6/Proximity Caves | Found Alien Artifact 15236 | -6/Proximity Caves | Identified Dimensional Node Initializer 15236 | -6/Proximity Caves | Initialized slip node 15265 | -6/Proximity Caves | Identified RU-N14's Throwing Claymores 15934 | -6/Proximity Caves | Core integrity fell below 50% 16000 | -6/Proximity Caves | Learned location of 1 exit from Factory 16079 | -6/Proximity Caves | Discovered new exit (range 15) 16118 | -6/Proximity Caves | Entered Factory 16118 | -6/Factory | Evolved 2 slots: Propulsion x1, Utility x1 16119 | -6/Factory | Identified exit to Extension 16119 | -6/Factory | Identified exit to Lower Caves 16120 | -6/Factory | Loaded intel: 28 terminal locations 16121 | -6/Factory | Loaded intel: 4 garrison access locations 16475 | -6/Factory | Build established: Hacker-Gunner 16915 | -6/Factory | Repaired Prc. Assault Rifle 17040 | -6/Factory | Repaired Med. Treads 17079 | -6/Factory | Repaired Adv. Treads 17128 | -6/Factory | Repaired Med. Treads 17155 | -6/Factory | Repaired Huge Storage Unit 17349 | -6/Factory | Local machine network offline 18218 | -6/Factory | First assault squad dispatched 18320 | -6/Factory | Lost 3 parts (1p1n1w) 18637 | -6/Factory | Discovered exit to Lower Caves (range 7) 18651 | -6/Factory | Entered Lower Caves 18847 | -6/Lower Caves | Entered a destroyed Warlord outpost 19370 | -6/Lower Caves | Discovered new exit (range 5) 19540 | -6/Lower Caves | Encountered a Warlord checkpoint 19773 | -6/Lower Caves | Entered another Lower Caves area 20249 | -6/Lower Caves | Learned Factory machine intel 20420 | -6/Lower Caves | Discovered new exit (range 2) 20426 | -6/Lower Caves | Build established: Hacker-Tank 20427 | -6/Lower Caves | Entered Data Miner 20427 | -6/Data Miner | Discovered new exit (range 6) 20473 | -6/Data Miner | Met Data Miner 20523 | -6/Data Miner | Acquired the access code to Warlord's prototype stash 20523 | -6/Data Miner | Learned location of Section 7 (-3) 20559 | -6/Data Miner | Received God Mode back door access code from Data Miner 20617 | -6/Data Miner | Entered Proximity Caves 20622 | -5/Proximity Caves | Found DCF Scrap (9 items) 21047 | -5/Proximity Caves | System corruption reached 10% 21385 | -5/Proximity Caves | Discovered new exit (range 63) 21599 | -5/Proximity Caves | Entered Factory 21599 | -5/Factory | Evolved 2 slots: Power x1, Utility x1 21600 | -5/Factory | Loaded intel: 261 machine locations 21619 | -5/Factory | Build established: Hacker-Gunner 21853 | -5/Factory | Lost 3 parts (1p1n1u) 22083 | -5/Factory | System corruption reached 10% 22234 | -5/Factory | Build established: Tank 22234 | -5/Factory | Identified exit to Upper Caves 22414 | -5/Factory | Lost 3 parts (1u2w) 22550 | -5/Factory | Central database locked down 22691 | -5/Factory | Build established: Scavenger-Tank 22994 | -5/Factory | Destroyed 8 combat bots 23000 | -5/Factory | Lost 10 parts (1p3n2u4w) 23083 | -5/Factory | Spotted B-75 Beast 23160 | -5/Factory | Lost 4 parts (1n1u2w) 23258 | -5/Factory | Destroyed B-75 Beast 23269 | -5/Factory | Lost 3 parts (1n1u1w) 23352 | -5/Factory | Cargo convoy interrupted 23368 | -5/Factory | Watched by a mysterious "MATRIX" hacker 23567 | -5/Factory | Build established: Scavenger-Mutant 24108 | -5/Factory | Discovered new exit (range 8) 24178 | -5/Factory | Lost 3 parts (2n1u) 24452 | -5/Factory | Lost 3 parts (1p1u1w) 24509 | -5/Factory | Entered Upper Caves 24642 | -5/Upper Caves | Build established: Scavenger-Gunner 24689 | -5/Upper Caves | Core integrity fell below 50% 25200 | -5/Upper Caves | Learned Factory garrison access intel 25387 | -5/Upper Caves | Discovered new exit (range 8) 25404 | -5/Upper Caves | Entered another Upper Caves area 25645 | -5/Upper Caves | Encountered a Warlord checkpoint 25926 | -5/Upper Caves | Learned location of Armory (-3) 26156 | -5/Upper Caves | Discovered new exit (range 7) 26168 | -5/Upper Caves | Entered Zhirov 26168 | -5/Zhirov | Discovered new exit (range 3) 26212 | -5/Zhirov | Met Zhirov 26436 | -5/Zhirov | Learned location of Quarantine (-3) 26436 | -5/Zhirov | Learned location of Testing (-2) 26436 | -5/Zhirov | Learned location of Command (-1) 26489 | -5/Zhirov | Zhirov requested help retrieving the SGEMP Prototype 26530 | -5/Zhirov | Found Alien Artifact 26530 | -5/Zhirov | Identified Transdimensional Reconstructor 26530 | -5/Zhirov | Warped through subspace 26646 | -5/Zhirov | Build established: Mutant 26731 | -5/Zhirov | Found Alien Artifact 26731 | -5/Zhirov | Identified Integrated Dissipator 26731 | -5/Zhirov | Installed Integrated Dissipator, increased core heat dissipation (+20) 26827 | -5/Zhirov | Entered Proximity Caves 26832 | -4/Proximity Caves | Attracted the attention of an 0b10 checkpoint 26887 | -4/Proximity Caves | Lost 3 parts (2n1u) 26896 | -4/Proximity Caves | Unaware initiated a cargo recovery operation 27011 | -4/Proximity Caves | Encountered a Derelict guarding a broken Freighter 27151 | -4/Proximity Caves | Build established: Scavenger-Gunner 27469 | -4/Proximity Caves | System corruption reached 30% 28016 | -4/Proximity Caves | Learned Research non-interactive machine intel 28087 | -4/Proximity Caves | Build established: Scavenger-Mutant 28269 | -4/Proximity Caves | Discovered new exit (range 9) 28295 | -4/Proximity Caves | Entered Factory 28295 | -4/Factory | Evolved 2 slots: Utility x2 28296 | -4/Factory | Loaded intel: 4 garrison access locations 28843 | -4/Factory | Discovered new exit (range 15) 29175 | -4/Factory | Cargo convoy interrupted 29250 | -4/Factory | Lost 7 parts (5n1u1w) 29460 | -4/Factory | Lost 6 parts (1p1n2u2w) 29768 | -4/Factory | Repaired Coil Gun 29800 | -4/Factory | Identified exit to Upper Caves 29878 | -4/Factory | Spotted B-86 Titan 30065 | -4/Factory | Lost 8 parts (2p4n1u1w) 30377 | -4/Factory | Lost 5 parts (1p2n2u) 30391 | -4/Factory | Core integrity fell below 50% 30397 | -4/Factory | Entered Upper Caves 30426 | -4/Upper Caves | Lost 4 parts (2p1u1w) 30504 | -4/Upper Caves | Attracted the attention of an 0b10 checkpoint 30601 | -4/Upper Caves | Learned Research garrison access intel 30860 | -4/Upper Caves | Discovered new exit (range 10) 30871 | -4/Upper Caves | Identified exit to Upper Caves 30872 | -4/Upper Caves | Entered another Upper Caves area 30912 | -4/Upper Caves | Core integrity fell below 20% 30936 | -4/Upper Caves | Lost 9 parts (3n2u4w) 31099 | -4/Upper Caves | Attracted the attention of an 0b10 checkpoint 31267 | -4/Upper Caves | Spotted B-86 Titan 31339 | -4/Upper Caves | Entered an active Warlord outpost 31343 | -4/Upper Caves | A Commander dispatched an escort 31403 | -4/Upper Caves | Learned location of 1 exit from Factory 31403 | -4/Upper Caves | Learned 8 Research zone layouts 31403 | -4/Upper Caves | Learned Factory garrison access intel 31465 | -4/Upper Caves | Discovered new exit (range 6) 31471 | -4/Upper Caves | Identified exit to Warlord 31475 | -4/Upper Caves | Entered Warlord 31475 | -4/Warlord | Accompanied by 2 allies 31476 | -4/Warlord | Commander's escort returned to base 31476 | -4/Warlord | Commander's escort returned to base 31515 | -4/Warlord | System corruption cleaned by Quarantine Array 31678 | -4/Warlord | Opened Warlord's prototype stash 31682 | -4/Warlord | Found Prototype Reactor 31682 | -4/Warlord | Identified Vortex Chain Reactor 31693 | -4/Warlord | Found Prototype Device 31693 | -4/Warlord | Identified Exp. Cloaking Device 31708 | -4/Warlord | Found Prototype Device 31708 | -4/Warlord | Identified Thermal Barrier 31859 | -4/Warlord | Visited the Vortex Lab 31874 | -4/Warlord | Warlord's base attacked by MAIN.C 32055 | -4/Warlord | Met Warlord 32160 | -4/Warlord | Found Prototype Device 32160 | -4/Warlord | Identified Minesniffer Drone Bay 32224 | -4/Warlord | Warlord forces counterattacked 32335 | -4/Warlord | Spotted Striker 32338 | -4/Warlord | Spotted Executioner 32389 | -4/Warlord | Lost 7 allies 32521 | -4/Warlord | Spotted Striker 32531 | -4/Warlord | Spotted Executioner 32543 | -4/Warlord | Spotted B-86 Titan 32543 | -4/Warlord | Spotted B-90 Cyclops 32549 | -4/Warlord | Warlord base infiltrated, sounded retreat 32570 | -4/Warlord | Destroyed B-90 Cyclops 32596 | -4/Warlord | Lost 6 allies 32662 | -4/Warlord | Crushed by falling debris 32680 | -4/Warlord | Spotted Striker 32698 | -4/Warlord | Spotted Executioner 32785 | -4/Warlord | Spotted Striker 32791 | -4/Warlord | Discovered new exit (range 15) 32819 | -4/Warlord | Lost 13 allies 32822 | -4/Warlord | Identified exit to Proximity Caves 32826 | -4/Warlord | Build established: Scavenger-Tank 32826 | -4/Warlord | Entered Proximity Caves 33045 | -3/Proximity Caves | Attracted the attention of an 0b10 checkpoint 33608 | -3/Proximity Caves | Discovered new exit (range 11) 33630 | -3/Proximity Caves | Identified exit to Research 33633 | -3/Proximity Caves | Entered Research 33633 | -3/Research | Evolved 2 slots: Propulsion x1, Utility x1 33634 | -3/Research | Identified exit to Armory 33635 | -3/Research | Identified exit to Quarantine 33635 | -3/Research | Identified exit to Research 33636 | -3/Research | Loaded intel: 83 non-interactive machine locations 33637 | -3/Research | Loaded intel: 3 garrison access locations 33789 | -3/Research | Incoming investigation squad redirected 33968 | -3/Research | Build established: Hacker-Tank 34122 | -3/Research | Entered another Research area 34122 | -2/Research | Warlord forces began assault on 0b10 34122 | -2/Research | Evolved 2 slots: Utility x1, Weapon x1 34232 | -2/Research | Research machine network offline 34438 | -2/Research | Build established: Hacker-Gunner 34447 | -2/Research | Borebot progress halted 34749 | -2/Research | Borebot progress halted 34766 | -2/Research | Spotted Striker 34774 | -2/Research | Spotted Striker 34785 | -2/Research | Destroyed Striker 34789 | -2/Research | Spotted Striker 34815 | -2/Research | Destroyed Striker 34831 | -2/Research | Destroyed Striker 34865 | -2/Research | Lost 17 parts (2p7n3u5w) 34913 | -2/Research | Lost 6 allies 35199 | -2/Research | Lost 5 allies 35268 | -2/Research | Spotted Striker 35277 | -2/Research | Destroyed Striker 35412 | -2/Research | Build established: Scavenger-Tank 35440 | -2/Research | Spotted Striker 35441 | -2/Research | Spotted Striker 35473 | -2/Research | Destroyed Striker 35482 | -2/Research | Destroyed Striker 35630 | -2/Research | Given Cave Seal Controls access code 35774 | -2/Research | Spotted Striker 35779 | -2/Research | Spotted Executioner 35785 | -2/Research | Destroyed Striker 35807 | -2/Research | Destroyed Executioner 35825 | -2/Research | Spotted Striker 35830 | -2/Research | Destroyed Striker 36200 | -2/Research | Build established: Derelict-Tank 36292 | -2/Research | Discovered new exit (range 6) 36298 | -2/Research | Identified exit to Testing 36315 | -2/Research | Spotted Striker 36333 | -2/Research | Destroyed Striker 36354 | -2/Research | Destroyed Executioner 36400 | -2/Research | Spotted Striker 36411 | -2/Research | Destroyed Striker 36437 | -2/Research | Spotted Striker 36453 | -2/Research | Destroyed Striker 36481 | -2/Research | Spotted Striker 36483 | -2/Research | Spotted Striker 36495 | -2/Research | Destroyed Striker 36498 | -2/Research | Core integrity fell below 50% 36501 | -2/Research | Spotted Striker 36516 | -2/Research | Destroyed 7 combat bots 36516 | -2/Research | Destroyed Striker 36516 | -2/Research | Destroyed Striker 36522 | -2/Research | Spotted Executioner 36546 | -2/Research | Destroyed Executioner 36568 | -2/Research | Lost 13 parts (2p2n4u5w) 36775 | -2/Research | Discovered new exit (range 9) 36787 | -2/Research | Identified exit to Access 36832 | -2/Research | Entered Access 36832 | -1/Access | Evolved 2 slots: Utility x2 37153 | -1/Access | Build established: Scavenger-Gunner 37178 | -1/Access | Lost 6 parts (2n1u3w) 37363 | -1/Access | Lost 3 parts (1u2w) 37423 | -1/Access | System corruption reached 10% 37582 | -1/Access | First assault squad dispatched 37608 | -1/Access | Incoming assault squad redirected 37642 | -1/Access | Spotted B-99 Colossus 37715 | -1/Access | Discovered new exit (range 7) 37718 | -1/Access | Identified exit to Command 37719 | -1/Access | Entered Command 37725 | -1/Command | Lost 12 parts (2p3n4u3w) 37887 | -1/Command | Core integrity fell below 50% 37938 | -1/Command | Lost 9 parts (1p3n2u3w) 37969 | -1/Command | Core integrity fell below 20% 37978 | -1/Command | Lost 3 parts (1p2w) 38007 | -1/Command | Spotted B-99 Colossus 38032 | -1/Command | Destroyed by H-88 Terminator with KE Penetrator Last Messages --------------- Penetrated by Slug. Stasis field depleted. Slug penetrates Wall. FINI9&FOVFZ D9=MVGT>5 Acquired 9 matter. K-01 Serf collects debris. Slug penetrates Wall. Adv. System Shield destroyed. Slug penetrates K-01 Serf. Slug penetrates Wall. Xenon Bombardment Thruster destroyed. K-01 Serf collects debris. Penetrated by Slug. Adv. System Shield destroyed. Slug penetrates Wall. Slammed into H-88 Terminator. Penetrated by Slug. Slammed into H-88 Terminator. Penetrated by Slug. [Achievement: Punisher] Map ----- +----------------------------------------------------+ | ?????????????????????????????????????????????????? | | ?????????????????????????????????????????????????? | | ?????????????????????????????????????????????????? | | ??????????????????????????????????"??????????????? | | ????????????#########?????????????"??????????????? | | ???????????? #????????????? ??????????????? | | ???????????? #????????????? ??????????????? | | ???????????#"" !!!#????????????? ??????????????? | | ???????????#"" !!!##???????????# ########??????? | | ???????????#"T !!! ????????????# # #??????? | | ???????????#"" #????????????# # !!#??????? | | ???????????#"" #????#####???# + !!#??????? | | ???????????? #????# #??## # #??##### | | ?????????????? ??????#= ???? # #??# | | ?????????????###/##??????# ????# # #??# | | ?????????????# #??######+###### ###+#######+# | | ?????????????# T" #??# + + + | | ?????????????# " #??#! ### ### | | ?????????????# #??# #?# """ #?? | | ?????????????## ##??# % = #?# ! ""T"" #?? | | ##########????# #???# #?# "" "" #?? | | """T""" #????# #???# ! #?# #?? | | #????# #???# #?# #?? | | #????# #???####;########?#############?? | | ! #????# #??????#%#??????????????????????? | | #????# ########@##?????????????????????? | | #????# # ! h #?????????????????????? | | #????# # ! #?????????????????????? | | ############### #% ! #?????????????????????? | | #kh %" #?????????????????????? | | %+ #?????????????????????? | | ################ %! "" #?????????????????????? | | ???????????????# # #?????????????????????? | | ???????????????# # #?????????????????????? | | ???????????????# ###########?????????????????????? | | ???????????????# #???????????????????????????????? | | ???????????????# ???????????????????????????????? | | ???????????????###???????????????????????????????? | | ?????????????????????????????????????????????????? | | ?????????????????????????????????????????????????? | | ?????????????????????????????????????????????????? | | ?????????????????????????????????????????????????? | | ?????????????????????????????????????????????????? | | ?????????????????????????????????????????????????? | | ?????????????????????????????????????????????????? | | ?????????????????????????????????????????????????? | | ?????????????????????????????????????????????????? | | ?????????????????????????????????????????????????? | | ?????????????????????????????????????????????????? | | ?????????????????????????????????????????????????? | +----------------------------------------------------+ Best States ------------- Heat Dissipation 103 Coolant Potential 80 Energy Generation 55 Energy Capacity 700 Matter Stores 300 Matter Capacity 300 Sight Range 20 Robot Scan Range 16 Terrain Scan Density 10 Jamming Range 14 Cloak Strength 4 EM Shielding 3 Corruption Block 8 Armor Coverage 1050 Resistance: TH 50 Resistance: EM 15 Propulsion Shielding 33 Utility Shielding 90 Weapon Shielding 33 Phase Shifting 10 Evasion (%) 62 Targeting Accuracy 21 Melee Accuracy 8 Launcher Accuracy 40 Target Analysis 12 Armor Integrity Analysis 40 Recoil Reduction 5 Kinecelleration 30 Salvage Targeting 4 Offensive Hacking 25 Defensive Hacking 28 Item Schematics ----------------- Adv. Treads | -8/Materials | Hacked Shock Absorption System | -7/Zion | Archive Adv. Sensor Array | -7/Zion | Archive Gauss Cannon | -7/Zion | Archive System Guard | -7/Zion | Archive Gauss Rifle | -7/Zion | Archive Thermic Laser | -7/Zion | Archive Xenon Bombardment Thruster | -7/Zion | Archive Imp. Remote Datajack | -7/Zion | Archive Adv. Cooling System | -7/Zion | Archive Hvy. Ion Cannon | -7/Zion | Archive Imp. Carbon-fiber Leg | -7/Zion | Archive Cloaking Device | -7/Zion | Archive Coolant Injector | -7/Zion | Archive Flamer | -7/Zion | Free Beamcaster | -7/Zion | Free Arc Thrower | -7/Zion | Free Ripper | -7/Zion | Free Combat Drone Bay | -6/Data Miner | Free Lgt. Regenerative Plating | -6/Data Miner | Free Exp. Heat Sink | -6/Data Miner | Free Hvy. Gatling Laser | -6/Data Miner | Free Micro-nuke Launcher | -6/Data Miner | Free Hvy. Disruptor Cannon | -6/Data Miner | Free Imp. Linear Gravjet | -6/Data Miner | Free Adv. Reaction Control System | -6/Data Miner | Free Exp. Cesium-ion Thruster | -6/Data Miner | Free Assault Drone Bay | -5/Zhirov | Free Exp. Optical Array | -5/Zhirov | Free Imp. Arc Thrower | -5/Zhirov | Free Robot Schematics ------------------ B-48 Gladiator | -7/Zion | Archive W-25 Informer | -7/Zion | Archive R-06 Scavenger | -7/Zion | Archive S-27 Virus | -6/Data Miner | Free Y-64 Sentinel | -6/Data Miner | Free A-15 Conveyor | -6/Data Miner | Free M-36 Artificer | -6/Data Miner | Free M-22 Extractor | -6/Data Miner | Free Fabricated ------------ Adv. Treads | x2 | -7/Factory Repaired ---------- Assault Rifle | 16% | -7/Factory Prc. Assault Rifle | 48% | -7/Factory Lgt. Treads | 74% | -7/Factory Prc. Assault Rifle | 31% | -6/Factory Med. Treads | 42% | -6/Factory Adv. Treads | 47% | -6/Factory Med. Treads | 43% | -6/Factory Huge Storage Unit | 59% | -6/Factory Coil Gun | 4% | -4/Factory Studied --------- Assault Rifle | -8/Materials | Hacked Hvy. Machine Gun | -5/Factory | Hacked KE Penetrator | -1/Access | Hacked Alien Tech Used ----------------- Dimensional Node Initializer Transdimensional Reconstructor Integrated Dissipator Achievements -------------- Immobile And Lovin' It Protector Punisher Welcome To The Revolution Challenges ------------ None Game ------ Seed NeutronBehemothChronowheel Manual? 0 Play Time 04:21:28 Cumulative 241.3 hours Start 2026.09.11 @ 14:26:34 End 2026.09.11 @ 20:45:42 Sessions 5 Manual Loads 0 Difficulty Rogue Special Mode None Game No. 275 Rogue 275 Adventurer 0 Explorer 0 Win Type - Total 2 Types 2/0/0/0/0/0/0/0/0/0 Lore% 30 Gallery% 55 Achievement% 36 Wizard Run 0 Options --------- Layout 1 ASCII 0 Keyboard 0 Movement Numpad Keybinds 0 Fullscreen 2 Font 24/Smallcaps Map View 50x35 Zoom Use 0% Tactical HUD 0 Map Filters NONE Filters NONE Steam 1 RUN: 6890fbf7-8d54-4625-808c-aa0c6d850074